[Event "Czech Open-GM 2022"]
[Site "Pardubice"]
[Date "2022.07.24"]
[Round "3.24"]
[White "Skytte, Rasmus"]
[Black "Balinski, Damian"]
[Result "1-0"]
[ECO "B01"]
[WhiteElo "2349"]
[BlackElo "2198"]
[Annotator "TA"]
[PlyCount "73"]
[EventDate "2022.07.22"]
[EventType "swiss"]
[EventCountry "CZE"]
[SourceTitle "playchess.com"]
[Source "ChessBase"]
[SourceQuality "1"]
[TimeControl "40/5400+30:1800+30"]

1. e4 d5 2. exd5 Nf6 3. d4 Nxd5 4. c4 Nb6 5. Nf3 Bg4 6. c5 N6d7 7. Be2 {[%emt 0:02:19] Strongly threatening Qb3. is the legacy move (7.Bc4).} Nc6 {[%emt 0:00:47] B01: Scandinavian Defence.} 8. d5 Bxf3 9. Bxf3 Nce5 {[%emt 0:00:29] [#] White is slightly better.} 10. O-O $146 ({Predecessor:} 10. Bf4 Nxf3+ 11. Qxf3 Nxc5 12. O-O g6 13. Qc3 f6 14. Qxc5 e5 15. Qb5+ Kf7 16. Be3 {1-0 (26) Sundsbo,S (1666)-Langmyhr,T (1937) Oslo 2014}) 10... Nxc5 11. Bf4 Ng6 ({Black should play} 11... Ncd3 $14) 12. Bg3 {[%emt 0:03:42] Hoping for Nc3. White is more active. A strong pair of Bishops.} e5 13. dxe6 $1 fxe6 (13... f5 $16) 14. b4 $18 Nd7 15. Qb3 {[%emt 0:02:59][%mdl 1024] White has strong compensation.} Qf6 (15... Bd6 $16) 16. Nc3 {[%emt 0:07:03][%cal Bb1c3,Bc3b5,Bb5d4][%mdl 32] Black must now prevent Rad1.} (16. Bxb7 Rb8 17. Bc6 Rxb4 $14) 16... O-O-O (16... Nge5 {is a better defense.} 17. Bxe5 (17. Bxb7 Rb8 $18) 17... Nxe5) 17. Nb5 (17. Qc4 Nde5 18. Bxb7+ Kxb7 $11) 17... Nde5 18. Rac1 (18. Nxa7+ Kb8 19. Rad1 (19. Nb5 Nxf3+ 20. gxf3 e5 $11) 19... Nxf3+ 20. gxf3 e5 21. Rxd8+ Qxd8 $11) 18... Bd6 {[%emt 0:01:13] [#]} (18... Nxf3+ $16 19. gxf3 e5) 19. Bxb7+ $1 Kxb7 20. Qa4 $2 $40 {[%emt 0:05:43][%mdl 128] White has some attack.} (20. Qe3 $18 Ra8 21. Rfd1) 20... a6 $11 21. Nd4 {[%emt 0:01:27] b5 is the strong threat.} Bc5 $2 22. Bxe5 $18 {[%emt 0:05:47] Dancing on a razor blade.} Nxe5 23. bxc5 {[%emt 0:00:49][%cal Bb4c5,Bc5c6][%mdl 32] White threatens Rb1+ and mate.} Rxd4 24. c6+ {[%emt 0:00:41][%mdl 64] Deflection} Kc8 25. Qxa6+ (25. Qxd4 $2 Nf3+ $1 26. gxf3 Qxd4 $19) 25... Kd8 {[%emt 0:00:02] Threatens to win with ...Rf8.} 26. Qa8+ {[%emt 0:00:44][%mdl 64] Skewer} Ke7 27. Qxh8 Rg4 $2 (27... Nf3+ {was called for.} 28. gxf3 Qg6+ 29. Kh1 Rd8 30. Qxd8+ Kxd8) 28. f4 $2 ({Worse is} 28. Qc8 Rxg2+ 29. Kxg2 Qf3+ 30. Kg1 Qg4+ 31. Kh1 Qf3+ 32. Kg1 Qg4+ 33. Kh1 Qf3+ 34. Kg1 $11) (28. Rfd1 $18 Qf8 29. Qxh7) 28... Nd3 $2 {[%emt 0:00:14] [#]} (28... Nf3+ $11 29. Rxf3 Qb2) 29. Qc8 $2 (29. Qb8 $1 $18 Qd4+ 30. Kh1) 29... Qd4+ (29... Qb2 $1 $14 30. Qxc7+ Kf6 31. Qd8+ Kf7) 30. Kh1 Nf2+ {[%emt 0:00:53] [#]} (30... Nxc1 31. Qxc7+ (31. Rxc1 Qd6 $11) 31... Kf6) 31. Rxf2 $1 Qxf2 32. Qxc7+ {[%emt 0:00:37] KQR-KQR} Kf8 33. Qb8+ {[%emt 0:00:45] White mates.} Kf7 34. Qb7+ Kf6 35. c7 Rxf4 36. Qb1 (36. c8=Q $2 {[#] is a self mate.} Qf1+ $3 37. Rxf1 Rxf1#) 36... Rg4 37. Rf1 {[%emt 0:00:15] Weighted Error Value: White=0.61/Black=0.84} 1-0

[Event "Czech Open-GM 2022"]
[Site "Pardubice"]
[Date "2022.07.24"]
[Round "3.25"]
[White "Taborsky, Rostislav"]
[Black "Stauskas, Lukas"]
[Result "1-0"]
[ECO "B48"]
[WhiteElo "2192"]
[BlackElo "2348"]
[Annotator "TA"]
[PlyCount "119"]
[EventDate "2022.07.22"]
[EventType "swiss"]
[EventCountry "CZE"]
[SourceTitle "playchess.com"]
[Source "ChessBase"]
[SourceQuality "1"]
[TimeControl "40/5400+30:1800+30"]

1. e4 c5 2. Nf3 e6 3. d4 cxd4 4. Nxd4 Nc6 5. Nc3 Qc7 6. Be3 a6 7. g4 {[%emt 0:01:22][%cal Bg2g4,Bg4g5][%mdl 32] B48: Sicilian: Taimanov: 5 Nc3 Qc7 6 Be3 a6 without Be2.} b5 8. Nxc6 dxc6 9. Qf3 {[%emt 0:05:06] White is slightly better.} e5 10. a4 {[%emt 0:01:53][%cal Ra4b5] [#]} b4 $146 ({Predecessor:} 10... Bb7 11. h4 Bb4 12. g5 Ne7 13. h5 Rf8 14. Bh3 Bc8 15. h6 gxh6 16. Bxc8 Nxc8 17. Rxh6 {1-0 (36) Karacsonyi,K (2107)-Grezels,F (2219) Belgrade 2021}) 11. Nb1 Nf6 (11... Be6 $142) 12. g5 $1 $16 Ng4 13. Bc4 (13. Bd2 $16) 13... Nxe3 14. fxe3 Bc5 15. Nd2 O-O 16. Ke2 (16. O-O-O $14) 16... Kh8 (16... b3 $5) 17. Raf1 Qd8 (17... a5 $11) 18. Qg3 Ra7 19. h4 f5 (19... Rd7 $1 $14 20. Nb3 Bd6) 20. gxf6 $1 (20. Qxe5 $6 Bd6 21. Qd4 Qe7 22. exf5 Bxf5 $11) 20... Rxf6 21. Rxf6 {[%emt 0:00:23] The board is on fire.} Qxf6 22. Nf3 Be6 23. Bxe6 (23. Nxe5 $6 Bd6 24. Bxe6 Bxe5 $11) 23... Qxe6 24. b3 {[%emt 0:00:07] Inhibits Qc4+.} (24. Nxe5 $6 Re7 25. Rf1 Re8 26. Nf7+ Kg8 $11) 24... Bd6 25. Rd1 h6 {[%emt 0:00:49] Inhibits Ng5.} 26. h5 Be7 $2 (26... Rf7 $16 {was worth a try.}) 27. Qg6 (27. Nxe5 Ra8 28. Ng6+ Kg8 $18) 27... Qh3 28. Qe8+ Kh7 29. Qg6+ (29. Rg1 $1 $16 {Intending Qg6+ and mate.} Bf6 30. Qg6+ (30. Nxe5 $2 Qh2+ 31. Kf1 Qxe5 $19) 30... Kh8 31. Qf5 (31. Qe8+ Kh7 $16) 31... Qxf5 32. exf5) 29... Kh8 $1 $18 30. Rg1 (30. Qe8+ $6 Kh7 31. Qg6+ (31. Rg1 Bf6 $16) 31... Kh8) 30... Bf6 31. Qe8+ $2 $40 {[%emt 0:01:03][%mdl 128] White mounts an attack.} (31. Qf5 $1 $18 Qxf5 32. exf5) 31... Kh7 $14 32. Qg6+ (32. Nxe5 $2 Qh2+ 33. Kf1 Qxe5 $19) (32. a5 $1 $14) 32... Kh8 $18 33. Rg2 ({Resist} 33. Qe8+ Kh7 34. Qg6+ (34. Nxe5 $2 Qh2+ 35. Kf1 Qxe5 $19) 34... Kh8) (33. Qf5 $1 $18 Qxf5 34. exf5) 33... Qd7 34. Nd2 Ra8 (34... Qh3 $142) 35. Qf5 $16 Qe7 36. Nc4 Rd8 37. Rg1 Rf8 38. Rf1 {[%emt 0:00:34][%cal Oc4e5] White is much more active.} Qe8 {[%emt 0:00:32][%mdl 8192] [#]} (38... Kg8 $16 39. Qh3 Kh7) 39. Qg6 $2 (39. Nxe5 $1 $18 {[%mdl 512] is the precise move to win. Ng6+ is the strong threat.} Kg8 40. Nd3 (40. Ng6 Rf7 $18)) 39... Qxg6 (39... Qe6 $16) 40. hxg6 {[%emt 0:00:02][%mdl 4096] Endgame KRB-KRN} Rd8 41. Rf5 Re8 42. Nd6 (42. Nb2 $142) 42... Re6 43. Nf7+ Kg8 44. Kf3 (44. a5 $1 $16) 44... Kf8 $14 45. Kg4 Ke8 ({Black should try} 45... Ke7 $14) 46. Kh5 Ke7 {[%emt 0:07:36] [#]} ({Black should play} 46... c5 $14) 47. Nxh6 $1 $16 gxh6 48. Kxh6 {[%emt 0:00:12] KRB-KR} Rd6 49. g7 Rd8 {[%emt 0:14:29] Hoping for ...Rg8.} 50. Kh7 {[%emt 0:00:21] Prevents Rg8.} Bxg7 51. Kxg7 {[%emt 0:00:04] KR-KR} Rd2 52. Rxe5+ Kd6 53. Rf5 {[%emt 0:04:28] Strongly threatening Kf7.} Rxc2 {[%emt 0:00:06] [#]} 54. Kf7 $1 {[%emt 0:00:33] aiming for e5+.} Rh2 {[%emt 0:06:23] [#]} 55. e5+ (55. Rf6+ $1 $16 Kd7 56. e5 Rh7+ 57. Kg6) 55... Kc7 $2 (55... Kd5 $1 $11) 56. e6 $2 (56. e4 $18) 56... Rh7+ (56... Kd6 $11 {keeps the balance.}) 57. Kg6 Re7 (57... Rh1 $16) 58. Kf6 {[%emt 0:00:20] White mates.} Kd6 59. Re5 a5 60. e4 {[%emt 0:00:22] Weighted Error Value: White=0.45/Black=0.55} 1-0

[Event "Czech Open-GM 2022"]
[Site "Pardubice"]
[Date "2022.07.24"]
[Round "3.26"]
[White "Bujnoch, Radek"]
[Black "Claridge-Hansen, William"]
[Result "1-0"]
[ECO "E10"]
[WhiteElo "2191"]
[BlackElo "2345"]
[Annotator "TA"]
[PlyCount "65"]
[EventDate "2022.07.22"]
[EventType "swiss"]
[EventCountry "CZE"]
[SourceTitle "playchess.com"]
[Source "ChessBase"]
[SourceQuality "1"]
[TimeControl "40/5400+30:1800+30"]

1. d4 Nf6 2. c4 e6 3. Nf3 a6 4. Nc3 d5 5. c5 b6 6. cxb6 {[%emt 0:00:06] D37: Queen's Gambit Declined: 5 Bf4.} c5 (6... Nbd7 7. bxc7 Qxc7 8. Bd2 $16) 7. Bf4 {[%emt 0:00:07] Threatens to win with Bc7.} Bd6 {[%emt 0:01:19] Prevents Bc7.} 8. Bxd6 {[%emt 0:00:57] The position is equal.} Qxd6 9. dxc5 Qxc5 10. Qd4 Qd6 11. e3 Nbd7 12. Be2 O-O 13. O-O e5 {[%emt 0:02:27] [#]} 14. Qh4 $146 ({Predecessor:} 14. Qd2 Nxb6 15. b3 Bb7 16. Rfd1 Rfe8 17. Rac1 h6 18. h3 Rad8 19. Qb2 Qe7 20. Na4 Nxa4 21. bxa4 {½-½ (56) Giri,A (2776)-Le,Q (2709) chess24.com INT 2021}) 14... Qxb6 15. b3 Bb7 16. Rac1 Rfe8 17. Qa4 Rac8 18. Rfd1 Nf8 19. Qa3 Ng6 (19... Qd8 $11) 20. Na4 $16 Qa7 21. Nc5 {[%emt 0:02:28] White is more active.} d4 (21... Ra8 $16) 22. Nxb7 $18 ({Not} 22. exd4 Nf4 23. Bf1 Nh3+ 24. gxh3 Bxf3 $11) 22... Qxb7 23. Qxa6 (23. exd4 $6 Rxc1 24. Rxc1 e4 $16) 23... Qb8 {[%emt 0:02:48][%cal Od4d3] [#]} 24. Rxc8 $1 ({Much less strong is} 24. exd4 $6 Rxc1 25. Rxc1 e4) 24... Rxc8 25. exd4 exd4 26. Nxd4 Rd8 27. Nc6 Rxd1+ 28. Bxd1 Qe8 29. Be2 Nd5 30. Bf1 {[%emt 0:02:21] White is clearly winning.} Qe1 (30... Ngf4 $142 31. a4 h6) 31. Qc8+ Nf8 32. Qd8 Qe6 {[%emt 0:00:44] [#]} 33. Qxd5 $3 {[%emt 0:00:08][%mdl 512] Weighted Error Value: White=0.03 (flawless) /Black=0.30} 1-0

[Event "Czech Open-GM 2022"]
[Site "Pardubice"]
[Date "2022.07.24"]
[Round "3.27"]
[White "Farkas, Gabor"]
[Black "Elmi, Saad Abobaker"]
[Result "1-0"]
[ECO "A43"]
[WhiteElo "2335"]
[BlackElo "2123"]
[Annotator "TA"]
[PlyCount "127"]
[EventDate "2022.07.22"]
[EventType "swiss"]
[EventCountry "CZE"]
[SourceTitle "playchess.com"]
[Source "ChessBase"]
[SourceQuality "1"]
[TimeControl "40/5400+30:1800+30"]

1. c4 g6 2. d4 Bg7 3. Nc3 c5 4. d5 Bxc3+ 5. bxc3 f5 6. g4 (6. e4 $14) 6... fxg4 {[%emt 0:01:02] A40: Unusual replies to 1 d4.} 7. h3 g3 (7... d6 $11) 8. fxg3 $16 Nf6 {[%emt 0:00:30] White is better.} 9. Bg2 d6 10. Qd3 Qa5 11. g4 {[%emt 0:05:41] [#] Inhibits Bf5.} ({White should try} 11. Bg5 $16) 11... b6 $146 (11... h5 $1 $11) ({Predecessor:} 11... Nbd7 12. Nf3 Nb6 13. a4 Qa6 14. a5 Nxc4 15. O-O b6 16. Ng5 Nxa5 17. Qc2 O-O {0-1 (53) Pekarek,A (2440)-Voloshin,L (2430) Czech Republic 1997}) 12. Nf3 $18 Ba6 (12... Nbd7 $142) 13. Bf4 Qa4 14. Nd2 (14. Qe3 $1 $18 {Threatens to win with Bxd6.} Qd7 15. O-O) 14... Nbd7 $14 15. O-O (15. Qe3 {feels hotter.} Kd8 16. O-O Bxc4 17. g5) 15... O-O-O $1 16. e4 (16. g5 $14 Nh5 17. Bh2) 16... h6 (16... g5 $1 $11 17. Bxg5 h5) 17. Bf3 (17. e5 $1 $16 dxe5 18. Bg3) 17... g5 $1 $11 18. Bg3 h5 $1 19. Rfb1 $2 (19. Bd1 $11 {and White has nothing to worry.} Qa3 20. e5 dxe5 21. Bf3 (21. gxh5 Nxh5 22. Bxh5 Rxh5 $14)) 19... hxg4 $19 20. Bd1 Qa3 21. Rb3 Qa5 22. e5 dxe5 23. hxg4 Rh3 24. Kg2 Rdh8 {[%emt 0:00:33][%cal Of6d5] And now ...Nxd5! would win.} 25. Qf5 $2 {[%emt 0:03:28] [#]} (25. Bf3 $1 $15) 25... Rh1 $2 (25... Nxd5 $1 $19 26. cxd5 c4) 26. Bxe5 $11 Rxd1 $2 27. Rxd1 $16 Bxc4 $2 28. Nxc4 $18 Qxa2+ 29. Nd2 Rf8 30. Bxf6 Rxf6 31. Qb1 Qa4 32. c4 Rf4 33. Qa1 Rxg4+ 34. Kh3 $2 (34. Rg3 Rxg3+ 35. Kxg3) 34... Rxc4 {[%emt 0:00:07] ...Rh4+ is the strong threat.} 35. Qxa4 {[%emt 0:00:32] Really sharp! White is more active.} ({But not} 35. Qh8+ $2 Kb7 36. Nxc4 Qxb3+ 37. Kh2 Qxd1 $19) 35... Rxa4 36. Nf1 Nf6 37. d6 e6 38. Kg2 Kd7 39. Rh3 (39. Ne3 $16) 39... Nd5 $1 $11 40. Rh7+ Kxd6 41. Ne3 Kc6 (41... Rd4 $11 42. Rxd4 cxd4 43. Nxd5 Kxd5) 42. Nxd5 $16 exd5 43. Rh6+ Kb5 44. Rxd5 g4 45. Rg5 ({Better is} 45. Kf2 $16) 45... Rb4 $1 $11 46. Rgg6 Ka4 47. Kf2 Kb3 48. Ke3 Kb2 49. Rh2+ Ka3 50. Rg2 a5 51. R2xg4 (51. R6xg4 $5 b5 52. Rg5 $16) 51... Rxg4 (51... b5 $11) 52. Rxg4 $14 {[%emt 0:00:06] KR-K3P} Kb3 {[%emt 0:00:44] [#]} 53. Rg6 $2 (53. Kd2 $1 b5 54. Rg3+ Kb4 55. Rg5 Kc4 56. Kc2 Kd4 57. Kb3 b4 58. Ka4) 53... b5 $11 54. Rg5 Kc4 {[%emt 0:00:46][%mdl 8192] [#]} (54... a4 $11) 55. Kd2 $1 ({Worse is} 55. Rg4+ Kb3 $11) 55... b4 56. Kc2 a4 57. Rg4+ Kb5 58. Rh4 $2 (58. Rg6 {mates} Ka5 59. Rc6 Kb5 60. Rc8 c4 61. Kb2 c3+ 62. Kb1 Kb6 63. Ra8) 58... c4 $2 (58... Ka6 $18 59. Rh8 Kb7) 59. Rh5+ {[%emt 0:00:31] White mates.} Kb6 60. Kb2 a3+ 61. Ka2 Kc6 62. Ra5 Kb6 63. Ra8 Kb5 64. Rc8 {[%emt 0:00:19] What a fight!  Weighted Error Value: White=0.53/Black=0.59} 1-0

[Event "Czech Open-GM 2022"]
[Site "Pardubice"]
[Date "2022.07.24"]
[Round "3.28"]
[White "Mondrzycki, Bartlomiej"]
[Black "Nurkiewicz, Maciej"]
[Result "0-1"]
[ECO "A45"]
[WhiteElo "2180"]
[BlackElo "2332"]
[Annotator "TA"]
[PlyCount "118"]
[EventDate "2022.07.22"]
[EventType "swiss"]
[EventCountry "CZE"]
[SourceTitle "playchess.com"]
[Source "ChessBase"]
[SourceQuality "1"]
[TimeControl "40/5400+30:1800+30"]

1. d4 Nf6 2. Bg5 d5 3. Bxf6 exf6 4. e3 c6 5. Nd2 f5 6. g3 {[%emt 0:03:30] D00: 1 d4 d5: Unusual lines.} Nd7 7. Bg2 g6 8. Ne2 {[%emt 0:00:35] The position is equal.} Bg7 9. O-O Nf6 10. c4 dxc4 11. Nxc4 Be6 12. Rc1 {[%emt 0:03:10] [#]} Bd5 $146 (12... Nd5 $11) ({Predecessor:} 12... O-O 13. Nf4 Bd5 14. Nxd5 Nxd5 15. b4 Qd7 16. Qb3 Rfd8 17. a4 Rac8 18. Rfd1 Qe6 {1-0 (33) Paragua,M (2502)-Hakobyan,E (2190) Philadelphia 2021}) 13. Bxd5 Nxd5 14. Qb3 $1 Nb6 15. Nf4 O-O 16. Nd3 Nxc4 17. Rxc4 Qe7 18. Rfc1 (18. Rb4 $14 {is superior.}) 18... Rab8 (18... a5 $11 {keeps the balance.}) 19. Ra4 a6 20. Nc5 (20. Rb4 $1 $16) 20... Rfd8 (20... a5 $1 $11 {remains equal.}) 21. Rb4 $16 b5 {[%emt 0:03:15] ...a5 is the strong threat.} 22. Nxa6 Rb6 23. Nc5 f4 (23... Qa7 $16 24. a4 bxa4 25. Qxa4 (25. Nxa4 Rxb4 26. Qxb4 f4 $16) (25. Rxa4 Qb8 $16) 25... Qxa4 26. Rxa4 Rxb2) 24. gxf4 $18 Qh4 25. Qd1 {[%emt 0:00:45] Against Qg4+} g5 26. f5 Qh3 {[%emt 0:03:09] Prevents Qf3.} 27. Qf1 Qxf5 28. Qg2 Rd6 29. Rb3 Rb8 30. Ne4 Re6 (30... Rg6 $142 31. Rbc3 Qd5) 31. Ng3 (31. Nxg5 Rg6 32. h4 f6 $11) 31... Qg6 32. Rbc3 Rb6 33. Qf3 {[%emt 0:01:50] Inhibits h5.} Ra6 (33... Bf8 {was called for.} 34. d5 cxd5) 34. a3 Bf8 (34... h6 $142 35. Nf5 Kh7) 35. Qf5 b4 36. axb4 {[%emt 0:00:03] Black must now prevent b5.} Bxb4 37. Rc4 Rb6 (37... Bf8 {is a better chance.} 38. Qc2 Qxc2 39. R1xc2 (39. R4xc2 h6 $16) 39... Rb6) 38. R1c2 $2 (38. d5) 38... Be7 $2 (38... Qxf5 {keeps fighting.} 39. Nxf5 h5) 39. Qa5 Rb8 40. Qa7 Rd8 41. Qc7 Rdd6 42. e4 (42. Rc5 $18) 42... Bf8 $2 (42... Rxe4 $14 43. Nxe4 Qxe4) 43. Re2 (43. f3 $1 $18) 43... h5 {[%emt 0:04:51] [#]} (43... Re8 $16 {was worth a try.} 44. f3 g4) 44. Nf5 $2 (44. f3 $1 $18) 44... Rxe4 $1 $11 {[%emt 0:00:05][%mdl 64] Remove Defender} 45. Rxe4 Qxf5 46. Re3 {[%emt 0:00:38] Hoping for Rc5.} h4 {[%emt 0:01:59] And now ...Rf6 would win.} 47. Rxc6 (47. Rc1 $11) 47... Rxd4 $40 {[%emt 0:02:56][%cal Bd6d4,Bd4d1,Bd1g1][%mdl 160] ( -> ...Rd1+). Black attacks with force.} 48. Qc8 $2 (48. f3 $17 {is more resistant.} Qh3 49. Kf2 (49. Rc1 {leads to mate.} Rd2)) 48... Rd1+ $19 49. Kg2 Qd5+ ({Less strong is} 49... Qb5 50. Rc4 $16) 50. Kh3 {[%emt 0:01:28] [#]} (50. Rf3 $142 h3+ 51. Qxh3 Qxc6 52. Qf5) 50... Rg1 $1 51. f3 Qd2 {[%emt 0:00:07][%csl Gg1,LRb2,LRe3][%cal Rd2g2] Black mates.} 52. Rg6+ fxg6 53. Qe6+ Kh7 54. Re2 Qd1 55. Rf2 Qd3 56. Qf7+ Bg7 57. b3 g4+ 58. Kxh4 Qd8+ 59. Qf6 Qxf6# {[%emt 0:00:05] Weighted Error Value: White=0.65/Black=0.32} 0-1

[Event "Czech Open-GM 2022"]
[Site "Pardubice"]
[Date "2022.07.24"]
[Round "3.29"]
[White "Mladek, Richard"]
[Black "Bokhnak, Timofey"]
[Result "1-0"]
[ECO "D31"]
[WhiteElo "2330"]
[BlackElo "2098"]
[Annotator "TA"]
[PlyCount "63"]
[EventDate "2022.07.22"]
[EventType "swiss"]
[EventCountry "CZE"]
[SourceTitle "playchess.com"]
[Source "ChessBase"]
[SourceQuality "1"]
[TimeControl "40/5400+30:1800+30"]

1. d4 d5 2. c4 e6 3. Nc3 Be7 4. cxd5 exd5 5. Bf4 Nf6 6. e3 O-O 7. Bd3 c6 8. h3 {[%emt 0:02:33] D35: Queen's Gambit Declined: Exchange Variation.} Bd6 9. Nge2 Re8 10. Qc2 {[%emt 0:01:38] [#] White has an edge.} Qe7 $146 ({Predecessor:} 10... b6 11. O-O-O Bxf4 12. Nxf4 Ba6 13. g4 Bxd3 14. Qxd3 Nbd7 15. Kb1 Qe7 16. Rc1 Rac8 {0-1 (38) Nebolsina,V (2310)-Gunina,V (2448) Moscow 2010}) 11. O-O Nbd7 12. Rab1 Nf8 13. Bxd6 Qxd6 14. b4 a6 15. Ng3 Ne6 16. Na4 Qc7 17. Nc5 Ng5 18. h4 Ne6 19. Rbe1 h6 20. a3 Qd8 (20... Ng4 {is interesting.} 21. h5 Re7 22. Na4 Nf8) 21. f3 {[%emt 0:02:01] Against Ng4} a5 22. b5 Nxc5 23. Qxc5 Nd7 24. Qc2 Qxh4 25. Nf5 Qf6 26. e4 $1 {[%emt 0:00:26][%cal Be3e4,Be4e5][%mdl 1056] White has compensation.} Nf8 ({Black should play} 26... Re6 $14) 27. e5 $16 Qg5 (27... Qd8 $16) 28. Nd6 ({Worse is} 28. bxc6 Bxf5 29. Bxf5 (29. cxb7 Rab8 $11) 29... bxc6 $11) 28... Rd8 29. f4 $36 {[%emt 0:01:02][%mdl 2048] White is really pushing. White is much more active. The black rooks are badly placed.} Qh4 (29... Qg3 $16 {was worth a try.}) 30. b6 (30. bxc6 $18 bxc6 31. Qxc6) 30... Ne6 $2 {[%emt 0:02:55][%mdl 8192] [#]} (30... Qe7 $16) 31. Nf5 $18 ({Weaker is} 31. Bh7+ Kf8 $16) 31... Qg4 32. Be2 {[%emt 0:00:35] Weighted Error Value: White=0.15 (very precise) /Black=0.36} 1-0

[Event "Czech Open-GM 2022"]
[Site "Pardubice"]
[Date "2022.07.24"]
[Round "3.30"]
[White "Roessler, Ulrike"]
[Black "Slovak, Kilian"]
[Result "0-1"]
[ECO "B78"]
[WhiteElo "2129"]
[BlackElo "2321"]
[Annotator "TA"]
[PlyCount "96"]
[EventDate "2022.07.22"]
[EventType "swiss"]
[EventCountry "CZE"]
[SourceTitle "playchess.com"]
[Source "ChessBase"]
[SourceQuality "1"]
[TimeControl "40/5400+30:1800+30"]

1. e4 c5 2. Nf3 d6 3. d4 cxd4 4. Nxd4 Nf6 5. Nc3 g6 6. Be3 Bg7 7. f3 O-O 8. Qd2 Nc6 9. Bc4 Bd7 10. O-O-O Rb8 11. h4 b5 {[%emt 0:02:11] B78: Sicilian Dragon: Yugoslav Attack, 9 Bc4 Bd7 10 0-0-0 Rc8.} 12. Be2 (12. Bxb5 Nxd4 13. Bxd7 Nxf3 14. gxf3 Qxd7 $11) 12... Ne5 (12... b4 $11 13. Nd5 Nxd5 14. exd5 b3 15. axb3 (15. Nxc6 $2 bxa2 16. Qd3 Bxc6 $19) 15... Nb4) 13. Ndxb5 ({Worse is} 13. Bxb5 Bxb5 14. Ndxb5 Qa5 $17) (13. Bh6 $14) 13... Qa5 $1 $11 {[%emt 0:00:18][%cal Rd7b5] The position is equal.} 14. Nd4 Rfc8 15. Nb3 Rxb3 16. cxb3 {[%emt 0:03:42] Threatens to win with Kb1.} (16. axb3 $2 {[#] is the wrong capture.} Nxe4 $1 17. fxe4 Qa1+ 18. Nb1 Nc4 $1 $19 ) 16... Qxa2 17. Qc2 (17. Bc4 $5 Qa5 18. Kb1 $11) 17... Qa5 18. Kb1 {[%emt 0:03:25] [#]} Be6 $146 (18... Nc6 $1 $15 19. Rc1 Nb4) ({Predecessor:} 18... Nc6 19. Nd5 Nb4 20. Nxb4 Rxc2 21. Nxc2 Bb5 22. b4 Qa6 23. Bxb5 Qxb5 24. Bxa7 Qe2 {0-1 (46) Obregon,C (2517)-Flores,D (2590) Villa Martelli 2016}) 19. Rc1 $2 (19. b4 $11 {and White has nothing to worry.} Qxb4 20. Qa4 Qxa4 21. Nxa4) 19... Rb8 $19 20. Bd1 Bxb3 21. Qxb3 Rxb3 22. Bxb3 Nd3 23. Rc2 Qb4 24. Ka2 (24. Rd1 $17) 24... Nd7 25. Na4 (25. Nd5 $142 Qb5 26. Ra1 (26. Rc8+ $2 Bf8 $19)) 25... h5 26. Rd1 Qb5 {[%emt 0:01:22] Strongly threatening ...Nb4+. Really sharp!} 27. Rc4 Nb4+ {[%emt 0:01:03] Pair of Knights!} 28. Kb1 Nc6 29. Ba2 Na5 30. Rc8+ (30. Rd5 $142 Nc5 31. Nc3) 30... Nf8 31. Rd2 (31. Nc3 $142 Qb7 32. Rxf8+ Kxf8 33. Rc1) 31... Qxa4 32. Bg5 Nb3 33. Bxb3 Qxb3 34. Rdc2 f6 35. Bc1 Kf7 36. R8c7 Qb6 37. R2c6 Qb5 {[%emt 0:02:09] aiming for ...Ne6.} 38. Rxd6 Qb8 39. Rdc6 Ne6 40. Rc8 Qb5 41. Rc4 a5 {[%emt 0:00:37][%cal Ba7a5,Ba5a4][%mdl 32] ...f5 is the strong threat.} 42. Ka2 a4 43. Bd2 Qb3+ 44. Ka1 Qd1+ 45. Bc1 f5 46. exf5 gxf5 {[%emt 0:00:04] White must now prevent ...Nd4.} 47. Ra8 Nd4 48. Rac8 Nb3+ {[%emt 0:00:19] Weighted Error Value: White=0.58/Black=0.15 (very precise)} 0-1

[Event "Czech Open-GM 2022"]
[Site "Pardubice"]
[Date "2022.07.24"]
[Round "3.31"]
[White "Ret, Adam Josef"]
[Black "Hansch, Karsten"]
[Result "0-1"]
[ECO "D31"]
[WhiteElo "2023"]
[BlackElo "2320"]
[Annotator "TA"]
[PlyCount "60"]
[EventDate "2022.07.22"]
[EventType "swiss"]
[EventCountry "CZE"]
[SourceTitle "playchess.com"]
[Source "ChessBase"]
[SourceQuality "1"]
[TimeControl "40/5400+30:1800+30"]

1. d4 d5 2. c4 e6 3. Nc3 c6 4. cxd5 exd5 5. Qc2 Bd6 6. h3 {[%emt 0:08:44] D31: Queen's Gambit Declined: Semi-Slav without ...Nf6 (+ Marshall Gambit and Noteboom) and Exchange Variation lines without ...Nf6.} h6 7. Nf3 Nf6 8. e3 {[%emt 0:00:07] The position is equal.} O-O 9. Bd3 Re8 10. O-O Qe7 11. Nd2 Nbd7 (11... Na6 $5 ) 12. a3 Nf8 {[%emt 0:02:26] [#]} 13. b4 $146 ({Predecessor:} 13. e4 Ne6 14. e5 Nxd4 15. exd6 Nxc2 16. dxe7 Nxa1 17. b4 Ne4 18. Ndxe4 dxe4 19. Bxe4 {½-½ (82) Alanic,X (2284)-Legky,N (2473) France 2008}) 13... a6 14. Bb2 Ne6 15. Nf3 Ng5 {[%emt 0:00:34] [#] And now ...Nxf3+ would win.} 16. Qe2 (16. Ne5 $1 $11 {keeps the balance.}) 16... a5 17. b5 Nfe4 {[%emt 0:00:29][%cal Og5h3] Hoping for ...Nxh3+!} 18. Nxg5 Qxg5 19. Bxe4 dxe4 20. f4 exf3 21. Rxf3 c5 {[%emt 0:02:50] aiming for ...cxd4.} 22. d5 (22. Qd3 $15) 22... Bf5 23. Raf1 Bg6 {[%emt 0:00:50] Black is much more active. This bishop pair is nice.} 24. Qf2 Be5 25. Rd1 Rad8 26. a4 (26. e4 $17) 26... b6 27. Qd2 Bxc3 28. Qxc3 {[%emt 0:00:38][%csl Gb2][%cal Rc3g7] [#]} Be4 29. Rf2 ({Not} 29. h4 $2 Qg4 30. Kh2 Bxf3 $19) 29... Rxd5 30. Rdf1 (30. Rxd5 Bxd5 31. Re2) 30... f6 {[%emt 0:03:13] Weighted Error Value: White=0.26 (precise) /Black=0.09 (flawless)} 0-1